 Dungeon Crawl Stone Soup version 0.23-a0-143-g1adec7b (webtiles) character file.

15745 Amnesiac the Frost Mage (level 12, -11/74 HPs)
             Began as a Mummy Ice Elementalist on Sept 5, 2018.
             Was an Elder of Vehumet.
             Mangled by an orc knight
             ... wielding a +0 war axe
              (25 damage)
             ... while paralysed by an orc sorcerer
             ... on level 2 of the Orcish Mines.
             The game lasted 00:34:21 (18350 turns).

Amnesiac the Frost Mage (Mummy Ice Elementalist)   Turns: 18350, Time: 00:34:22

Health: -11/74     AC:  7    Str: 11    XL:     12   Next: 3%
Magic:  26/26      EV:  2    Int: 19    God:    Vehumet [****..]
Gold:   650        SH:  0    Dex: 19    Spells: 15/32 levels left

rFire    . . .     SeeInvis .   q - staff of wizardry
rCold    . . .     Gourm    .   (no shield)
rNeg     + + +     Faith    .   z - +2 robe {Archmagi}
rPois    ∞         Spirit   .   n - +1 helmet
rElec    .         Reflect  .   (no cloak)
rCorr    .         Harm     +   (no gloves)
MR       +....                  l - +0 pair of boots
Stlth    ++........             s - amulet of harm
HPRegen  0.22/turn              o - ring of fire
MPRegen  0.20/turn              i - +6 ring of dexterity

@: paralysed
A: no food or potions, fire vulnerability, cold resistance 1, negative energy
resistance 3, torment resistance, unbreathing
a: Renounce Religion


You were on level 2 of the Orcish Mines.
You worshipped Vehumet.
Vehumet was greatly pleased with you.
You were not hungry.

You visited 3 branches of the dungeon, and saw 14 of its levels.
You also visited: Ossuary.

You collected 1262 gold pieces.
You spent 612 gold pieces at shops.

Inventory:

Hand Weapons
 a - a +0 long sword
 b - the +4 trident of Hewkesika {venom, rC+++ Str+6 Stlth-}
   (You took it off a spriggan on level 10 of the Dungeon)

   It poisons the flesh of those it strikes.
   It affects your strength (+6).
   It renders you almost immune to cold.
   It makes you less stealthy.
Missiles
 j - a throwing net (quivered)
Armour
 l - a +0 pair of boots (worn)
 n - a +1 helmet (worn)
 z - a +2 robe of the Archmagi (worn)
Magical Staves
 q - an uncursed staff of wizardry (weapon)
Jewellery
 i - a +6 ring of dexterity (right hand)
 o - a ring of fire (left hand)
 s - an amulet of harm (around neck)
Wands
 e - a wand of disintegration (9)
 k - a wand of digging (9)
 m - a wand of polymorph (29)
 p - a wand of flame (25)
 u - a wand of scattershot (5)
Scrolls
 c - 6 scrolls of remove curse {!r}
 d - 3 scrolls of teleportation {!r}
 f - 5 scrolls of immolation {!r}
 g - 2 scrolls of amnesia {!r}
 h - a scroll of holy word {!r}
 r - 2 scrolls of enchant armour {!r}
 v - a scroll of identify {!r}
 w - a scroll of noise {!r}
 x - a scroll of torment {!r}
Potions
 t - a potion of lignification {!q}


   Skills:
 - Level 1.5 Dodging
 - Level 1.5 Stealth
 + Level 10.6 Spellcasting
 * Level 10.7 Conjurations
 * Level 10.7 Ice Magic


You had 15 spell levels left.
You knew the following spells:

 Your Spells              Type           Power        Failure   Level  Hunger
a - Throw Icicle          Conj/Ice       ######..     1%          4    N/A
b - Confusing Touch       Hex            ###...       2%          1    N/A
c - Summon Ice Beast      Ice/Summ       #####...     3%          4    N/A
d - Freeze                Ice            ####         1%          1    N/A
e - Fulminant Prism       Conj/Hex       #####.....   1%          4    N/A
z - Ozocubu's Armour      Chrm/Ice       #####...     1%          3    N/A

Your spell library contained the following spells:

 Spells                   Type           Power        Failure   Level  Hunger
 Ensorcelled Hibernation  Hex/Ice        #####.       1%          2    N/A
 Throw Frost              Conj/Ice       ######       1%          2    N/A
 Dazzling Spray           Conj/Hex       #####.       1%          3    N/A
 Animate Skeleton         Necr           N/A          2%          1    N/A
 Corona                   Hex            ###....      2%          1    N/A
 Pain                     Necr           ###.         2%          1    N/A
 Confuse                  Hex            ###.....     9%          3    N/A
 Gell's Gravitas          Tloc           ###.......   9%          3    N/A
 Tukima's Dance           Hex            ###.....     9%          3    N/A
 Vampiric Draining        Necr           ###.......   9%          3    N/A
 Metabolic Englaciation   Hex/Ice        #####.....   9%          5    N/A
 Yara's Violent Unravell  Hex/Tmut       ###.......   19%         5    N/A
 Animate Dead             Necr           N/A          26%         4    N/A
 Petrify                  Tmut/Erth      ###.....     26%         4    N/A
 Regeneration             Chrm/Necr      Unusable     N/A         3    N/A

Dungeon Overview and Level Annotations

Branches:
Dungeon (11/15)            Temple (1/1) D:7             Orc (2/2) D:9
    Elf (0/3) Orc:2
   Lair: D:8-11

Altars:
Ashenzari
Cheibriados
Elyvilon
Nemelex Xobeh
Okawaru
Sif Muna
Vehumet
Yredelemnul

Shops:
D:4 ?   D:7 *   D:8 [   D:10 ***   Orc:2 *[

Annotations:
D:3 loot in flame
D:10 torrenera's ghost, journeyman HOFi


Innate Abilities, Weirdness & Mutations

You do not eat or drink.
Your flesh is vulnerable to fire.
You are immune to poison.
Your flesh is cold resistant. (rC+)
You are immune to negative energy. (rN+++)
You are immune to unholy pain and torment.
You can survive without breathing.


Message History

You see here a tomahawk.
Things that are here:
a chain mail; a trident; an orc skeleton
Things that are here:
a halberd; a chain mail; an orc corpse An orc warlord comes into view.
It is wielding a long sword of flaming.
The orc warlord shouts!
You hear a shout!
The orc warlord roars a battlecry!
An orc warlord is nearby!
An orc warlord is nearby!
An orc warlord is nearby!
Things that are here:
a halberd; a chain mail; an orc corpse You see here a tomahawk.
You see here a tomahawk.
There is a stone staircase leading up here.
Evoke which item? (* to show all) (? for menu, Esc to quit)
Aiming: Polymorph
Press: ? - help, Shift-Dir - straight line, f - orc warlord
Aim: an orc warlord, wielding a long sword of flaming and wearing a runed chain The orc warlord resists with almost no effort.
Evoke which item? (* to show all) (? for menu, Esc to quit)
Aiming: Polymorph
Press: ? - help, Shift-Dir - straight line, f/p - orc warlord
Aim: an orc warlord, wielding a long sword of flaming and wearing a runed chain The orc warlord resists with almost no effort.
You climb upwards.
There is a stone staircase leading down here.
Things that are here:
a +2 robe of positive energy; a +1 robe of cold resistance
Things that are here:
a plate armour; a mace You see here a giant club.
There is a stone staircase leading down here.
You climb downwards.
There is a stone staircase leading up here.
Evoke which item? (* to show all) (? for menu, Esc to quit)
Aiming: Polymorph
Press: ? - help, Shift-Dir - straight line, f - orc warlord
Aim: an orc warlord, wielding a long sword of flaming and wearing a runed chain The orc warlord resists with almost no effort.
You climb upwards.
There is a stone staircase leading down here.
There is a stone staircase leading down here.
You climb downwards.
The orc sorcerer shouts!
The orc knight roars a battlecry!
The orc sorcerer goes into a battle-frenzy!
There is a stone staircase leading up here.
The orc sorcerer points at you and mumbles some strange words.
You suddenly lose the ability to move!
The orc sorcerer hits you but does no damage.
The orc knight hits you with a war axe!
The orc sorcerer hits you with a dagger.
The orc knight hits you with a war axe!
The orc sorcerer hits you with a dagger!
* * * LOW HITPOINT WARNING * * *
The orc knight hits you with a war axe!
* * * LOW HITPOINT WARNING * * *
The orc sorcerer hits you but does no damage.
The orc sorcerer hits you with a dagger.
* * * LOW HITPOINT WARNING * * *
The orc knight hits you with a war axe!!
You die...

..P.....## #...#.......
P.P..P...# ##.##.(..(..
..÷[.....## ##.##....#..
...).$....####.......#.#.
...∩...P......#.........#
.8......P..............#.
.......P..........#..[#..
P.P....o.................
...P...P@o...............
#........................
.#####...................
##..................
...#...............
....................
.........#...[.....)
..................)..
........>.


You could see an orc knight and an orc sorcerer.

Vanquished Creatures
  An ettin (Orc:1)
  2 two-headed ogres
  2 orc high priests (Orc:2)
  An orc knight (Orc:2)
  A deep elf mage (D:10)
  3 orc sorcerers
  A cyclops (Orc:2)
  A centaur skeleton (D:10)
  2 trolls (Orc:2)
  Grinder (D:2)
  A hornet (D:10)
  A hippogriff (D:10)
  5 spriggans (D:10)
  Sigmund (D:5)
  3 humans
  A hungry ghost (D:10)
  2 wargs (D:9)
  A soldier ant (D:10)
  A black bear (D:10)
  22 orc warriors
  A sky beast (D:7)
  5 ice beasts
  3 phantoms
  11 ogres
  3 centaurs
  A wolf (D:10)
  2 big kobolds
  3 bullfrogs
  An elf zombie (Ossuary)
  A gnoll sergeant (D:8)
  2 scorpions
  9 killer bees (D:10)
  A water moccasin skeleton (D:10)
  A centaur zombie (Ossuary)
  4 crimson imps
  A bullfrog zombie (D:8)
  A human zombie (Ossuary)
  4 orc priests
  7 hounds
  A gnoll shaman (D:6)
  A jelly (D:10)
  A bullfrog skeleton (D:10)
  4 iguanas
  16 orc wizards
  5 worker ants
  A killer bee zombie (D:8)
  2 hound skeletons
  2 mummies (Ossuary)
  A howler monkey zombie (D:6)
  14 gnolls
  A howler monkey skeleton (D:9)
  10 adders
  A shadow imp (D:7)
  An ooze (D:2)
  2 adder zombies
  An adder skeleton (D:10)
  2 worms
  3 leopard geckos
  37 orcs
  7 giant cockroaches
  4 goblins
  8 hobgoblins
  20 jackals
  A quokka (D:5)
  3 ball pythons
  9 bats
  4 frilled lizards
  10 hobgoblin zombies (Ossuary)
  A jackal skeleton (D:5)
  3 jackal zombies (Ossuary)
  14 kobolds
  6 kobold zombies (Ossuary)
  12 orc zombies (Ossuary)
  7 rats
  A rat zombie (Ossuary)
330 creatures vanquished.

Vanquished Creatures (others)
  8 fungi
  4 plants (D:10)
12 creatures vanquished.

Grand Total: 342 creatures vanquished

Notes
Turn   | Place    | Note
-------+----------+-------------------------------------------
     0 | D:1      | Amnesiac the Mummy Ice Elementalist began the quest for the
                  | Orb.
     0 | D:1      | Reached XP level 1. HP: 13/13 MP: 4/4
   170 | D:2      | Reached XP level 2. HP: 14/19 MP: 0/5
   498 | D:3      | Reached XP level 3. HP: 24/24 MP: 0/7
   577 | D:3      | Learned a level 3 spell: Ozocubu's Armour
   709 | D:4      | Noticed a phantom
   715 | D:4      | Noticed a scorpion
   822 | D:4      | Killed a scorpion
   822 | D:4      | Reached XP level 4. HP: 21/30 MP: 0/9
   833 | D:4      | Learned a level 4 spell: Throw Icicle
   907 | D:4      | Learned a level 1 spell: Confusing Touch
   965 | D:4      | Found Leugg's Magic Scroll Boutique.
  1073 | D:4      | Bought a scroll of random uselessness for 13 gold pieces
  1149 | D:4      | Reached skill level 1 in Conjurations
  1685 | D:4      | Reached XP level 5. HP: 25/35 MP: 6/11
  2029 | D:5      | Entered Level 5 of the Dungeon
  2032 | D:5      | Noticed an ogre
  2199 | D:5      | Noticed Sigmund
  2207 | D:5      | Killed an ogre
  2207 | D:5      | Reached XP level 6. HP: 41/41 MP: 1/12
  2342 | D:6      | Noticed an orc warrior
  2506 | D:6      | Noticed an ice beast
  3216 | D:6      | Reached XP level 7. HP: 46/46 MP: 3/13
  3895 | D:7      | Reached skill level 5 in Conjurations
  3895 | D:7      | Reached skill level 5 in Ice Magic
  4105 | D:6      | Reached skill level 5 in Spellcasting
  4230 | D:4      | Bought a scroll of magic mapping for 45 gold pieces
  4332 | D:7      | Reached XP level 8. HP: 42/52 MP: 2/15
  4517 | D:7      | Found a staircase to the Ecumenical Temple.
  4537 | Temple   | Entered the Ecumenical Temple
  4543 | Temple   | Became a worshipper of Vehumet
  5402 | D:2      | Found a sparkling altar of Nemelex Xobeh.
  5486 | D:2      | Reached * piety under Vehumet
  5486 | D:2      | Offered knowledge of Flame Tongue by Vehumet.
  5699 | D:3      | Noticed Grinder
  6198 | D:5      | Killed Sigmund
  7111 | D:6      | Found a shattered altar of Ashenzari.
  7365 | D:7      | Found Deske's Assorted Antiques.
  7370 | D:7      | Bought a scroll labeled CUBBOR EGIDWIR for 22 gold pieces
  7370 | D:7      | Bought a shiny helmet for 165 gold pieces
  7878 | D:8      | Reached XP level 9. HP: 43/57 MP: 12/18
  8213 | D:8      | Found a sand-covered staircase.
  8318 | Ossuary  | Entered an ossuary
  8338 | Ossuary  | Offered knowledge of Shock by Vehumet.
  8350 | Ossuary  | Reached ** piety under Vehumet
  8752 | Ossuary  | Offered knowledge of Ignite Poison by Vehumet.
  8883 | D:8      | Found a snail-covered altar of Cheibriados.
  9237 | D:8      | Found Awijude's Antique Armour Emporium.
  9244 | D:8      | Noticed a two-headed ogre
  9253 | D:8      | Killed a two-headed ogre
  9461 | D:9      | Found an iron altar of Okawaru.
  9587 | D:9      | Reached *** piety under Vehumet
 10285 | D:9      | Found a staircase to the Orcish Mines.
 10377 | D:9      | Reached XP level 10. HP: 45/63 MP: 5/21
 10763 | D:2      | Killed Grinder
 10951 | D:10     | Entered Level 10 of the Dungeon
 11102 | Orc:1    | Entered Level 1 of the Orcish Mines
 11135 | Orc:1    | Offered knowledge of Force Lance by Vehumet.
 11354 | Orc:2    | Entered Level 2 of the Orcish Mines
 11354 | Orc:2    | Found Izofif's Antique Armour Boutique.
 11354 | Orc:2    | Noticed an orc knight
 12251 | D:10     | Found Xinysk Kydai's Assorted Antiques.
 12254 | D:10     | Bought a runed robe for 111 gold pieces
 12544 | D:10     | Found Jukhlokh's General Store.
 12544 | D:10     | Noticed a two-headed ogre
 12567 | D:10     | Killed a two-headed ogre
 12744 | D:10     | Reached **** piety under Vehumet
 12851 | D:10     | Noticed a deep elf mage
 12854 | D:10     | Killed a deep elf mage
 13026 | D:10     | Noticed torrenera's ghost (journeyman HOFi)
 13027 | D:10     | Noticed a spriggan rider
 13028 | D:10     | Found a runed door.
 13059 | D:10     | Offered knowledge of Fulminant Prism by Vehumet.
 13315 | D:10     | Reached XP level 11. HP: 21/68 MP: 4/24
 13653 | D:10     | Found Cusaxtuxed's General Store.
 14397 | D:10     | Found Cusaxtuxed's General Store.
 14422 | D:10     | Found Xinysk Kydai's Assorted Antiques.
 14508 | D:10     | Found Jukhlokh's General Store.
 14755 | D:10     | Got a bone trident {venom}
 14756 | D:10     | Identified the +4 trident of Hewkesika {venom, rC+++ Str+6
                  | Stlth-} (You took it off a spriggan on level 10 of the
                  | Dungeon)
 15200 | D:10     | Identified a scroll of acquirement {!r}
 15223 | D:10     | Learned a level 4 spell: Summon Ice Beast
 15343 | Orc:1    | Noticed an ettin
 15458 | Orc:1    | Killed an ettin
 15519 | Orc:1    | Learned a level 4 spell: Fulminant Prism
 15998 | Orc:2    | Found Keirph's General Store.
 15998 | Orc:2    | Noticed an orc high priest
 15998 | Orc:2    | Noticed an orc sorcerer
 16003 | Orc:1    | Killed an orc sorcerer
 16003 | Orc:1    | Reached skill level 10 in Conjurations
 16003 | Orc:1    | Reached skill level 10 in Ice Magic
 16028 | Orc:2    | Bought a pair of smoking boots for 256 gold pieces
 16038 | Orc:2    | Identified the +0 pair of boots "Plog" {MR- Dex+2 Slay+2}
                  | (You bought it in a shop on level 2 of the Orcish Mines)
 16061 | Orc:2    | Reached skill level 10 in Spellcasting
 16560 | Orc:2    | Noticed an orc sorcerer
 16924 | Orc:2    | Paralysed by an orc sorcerer for 6 turns
 16930 | Orc:2    | Killed an orc sorcerer
 17020 | Orc:2    | Killed an orc high priest
 17054 | Orc:2    | Found a staircase to the Elven Halls.
 17072 | Orc:2    | Noticed an orc sorcerer
 17072 | Orc:2    | Noticed an orc knight
 17072 | Orc:2    | Noticed an orc sorcerer
 17319 | Orc:2    | Killed an orc sorcerer
 17694 | Orc:2    | Noticed an orc high priest
 17741 | Orc:2    | Killed an orc high priest
 18090 | Orc:2    | Noticed an orc high priest
 18191 | Orc:2    | Reached XP level 12. HP: 58/74 MP: 19/26
 18268 | Orc:2    | Noticed an orc warlord
 18345 | Orc:2    | Paralysed by an orc sorcerer for 6 turns
 18350 | Orc:2    | Mangled by an orc knight

Vault maps used:
D:1:      minmay_arrival_shattered_statue, grunt_decor_cap, hex_medium
D:2:      nemelex_dance_club_becter
D:3:      lemuel_flame_loot_1, uniq_grinder
D:4:      serial_shops, nicolae_shop_trees
D:5:      first_ration, uniq_sigmund
D:6:      minmay_misc_feat_roman, evilmike_ruin_ashenzari
D:7:      temple_green, serial_shops, nicolae_shop_overgrown_old_shop
D:8:      slow_altar_2, serial_shops, shop, lightli_ossuary_entry_decrepit_ruins
D:9:      david_orc_1_choice, okawaru_humans
D:10:     ebering_ghost_funeral_grove, serial_shops, shop_statue,
          kennysheep_mini, shop, hangedman_stone_soup
D:11:     minmay_lair_entry_grove
Temple:   nicolae_temple_the_god_donut
Orc:2:    grunt_orc_gardens, grunt_orc_garden, grunt_orc_garden,
          grunt_orc_garden, grunt_orc_garden, bh_open_orc_temple
Ossuary:  ossuary_tomb_1

Skill      XL: |  1  2  3  4  5  6  7  8  9 10 11 |
---------------+----------------------------------+-----
Ice Magic      | 3 4 5 6 8 9 10 | 10.7
Spellcasting   | 3 4 5 6 7 9 10 | 10.6
Conjurations   | 1 3 4 5 6 7 9 10 | 10.7
Dodging        | |  1.5
Stealth        | |  1.5

Action                   |  1- 3 |  4- 6 |  7- 9 | 10-12 || total
-------------------------+-------+-------+-------+-------++-------
Melee: Unarmed           |    29 |     5 |       |       ||    34
       Long sword        |       |    17 |   182 |    10 ||   209
       Scythe            |       |       |    25 |       ||    25
Throw: Throwing net      |       |       |       |     1 ||     1
 Cast: Freeze            |    42 |    59 |   203 |    54 ||   358
       Ozocubu's Armour  |     1 |     3 |    12 |       ||    16
       Throw Icicle      |       |     5 |    83 |   220 ||   308
       Confusing Touch   |       |     1 |       |       ||     1
Evoke: Wand              |       |       |     2 |     9 ||    11
  Use: Scroll            |       |     6 |     8 |     6 ||    20
 Stab: Sleeping          |       |       |     1 |       ||     1
Armor: Robe              |    18 |    19 |   133 |     7 ||   177
       Leather armour    |       |       |     1 |    21 ||    22
Dodge: Dodged            |    60 |    40 |   275 |    69 ||   444
       Rpst.: Long sword |       |    16 |    81 |    21 ||   118

Table legend:
 A = Non-vault XP
 B = Vault XP
 C = Vault XP percentage of total XP
 D = Non-vault monster count
 E = Vault monster count
 F = Vault count percentage of total count
                 A         B        C        D         E       F
            +---------+---------+-------+---------+---------+-------
      Total |   12683 |    9811 |  43.6 |     246 |      84 |  25.5
            +---------+---------+-------+---------+---------+-------
        D:1 |      32 |       0 |   0.0 |      13 |       0 |   0.0
        D:2 |     222 |     287 |  56.4 |      32 |       3 |   8.6
        D:3 |     159 |       0 |   0.0 |      22 |       0 |   0.0
        D:4 |     221 |       0 |   0.0 |      15 |       0 |   0.0
        D:5 |     474 |     220 |  31.7 |      13 |       1 |   7.1
        D:6 |     930 |       0 |   0.0 |      19 |       0 |   0.0
        D:7 |     566 |       0 |   0.0 |      22 |       0 |   0.0
        D:8 |    1637 |       5 |   0.3 |      19 |       1 |   5.0
        D:9 |     569 |    1162 |  67.1 |      13 |      11 |  45.8
       D:10 |    3982 |    2235 |  35.9 |      52 |      10 |  16.1
       D:11 |     136 |       0 |   0.0 |       2 |       0 |   0.0
      Orc:1 |    2079 |     690 |  24.9 |      15 |       2 |  11.8
      Orc:2 |    1676 |    4952 |  74.7 |       9 |      18 |  66.7
    Ossuary |       0 |     260 | 100.0 |       0 |      38 | 100.0
            +---------+---------+-------+---------+---------+-------
